 Dungeon Sprint DCSS version 0.31-a0-37-g98a128e1d9 (webtiles) character file.

Game seed: 14721657525017758599

20461 rocky1 the Earth Mage (level 12, -24/72 HPs)
             Began as a Deep Elf Earth Elementalist on May 15, 2023.
             Was the Champion of Sif Muna.
             Blown up by a lich (65 damage)
             ... with an orb of destruction
             ... in the Dungeon (Sprint VII: "The Pits").
             The game lasted 00:18:47 (3532 turns).

rocky1 the Earth Mage (Deep Elf Earth Elementalist) Turns: 3532, Time: 00:18:48

Health: -24/72     AC:  7    Str:  8    XL:     12   Next: 45%
Magic:  10/31      EV: 17    Int: 32    God:    Sif Muna [******]
Gold:   56         SH:  0    Dex: 15    Spells: 5/37 levels left

rFire   . . .        q - +2 scimitar (flame)
rCold   . . .        (no shield)
rNeg    . . .        a - +0 robe
rPois   .            s - +2 hat {Will+}
rElec   .            (no cloak)
rCorr   .            (no gloves)
SInv    .            p - +2 pair of boots
Will    ++...        (no amulet)
Stlth   ++++         m - +3 ring of strength
HPRegen 0.32/turn    x - +6 ring of intelligence
MPRegen 0.22/turn

%: no teleportation
@: channelling
A: no striking features
a: Renounce Religion, Channel Magic, Forget Spell, Divine Exegesis


You were in the Dungeon.
You worshipped Sif Muna.
Sif Muna was exalted by your worship.
You visited 1 branch You collected 56 gold pieces.

Inventory:

Hand Weapons
 k - a +2 quarterstaff of protection
 l - a +1 long sword of holy wrath
 q - a +2 scimitar of flaming (weapon)
 r - a +4 quarterstaff of speed
Armour
 a - a +0 robe (worn)
 p - a +2 pair of boots (worn)
 s - a +2 hat of willpower (worn)
 y - a +0 leather armour of willpower
Jewellery
 m - a +3 ring of strength (left hand)
 n - a +3 ring of strength
 x - a +6 ring of intelligence (right hand)
 C - a ring of ice
Wands
 A - a wand of flame (13)
 B - a wand of light (10)
Scrolls
 g - 6 scrolls of enchant armour
 i - 5 scrolls of amnesia
 j - a scroll of summoning
 t - 2 scrolls of fog
 u - a scroll of blinking
 v - 2 scrolls of enchant weapon
 w - a scroll of magic mapping
 z - 2 scrolls of identify
Potions
 b - 4 potions of magic
 c - 7 potions of curing
 d - 13 potions of heal wounds
 e - 2 potions of haste
 f - 7 potions of berserk rage
 h - 2 potions of invisibility
 o - 2 potions of mutation
 D - 2 potions of brilliance
 E - a potion of might


   Skills:
 - Level 7.3 Fighting
 - Level 10.8 Dodging
 - Level 8.0 Stealth
 + Level 13.0 Spellcasting
 * Level 15.0 Conjurations
 + Level 10.2 Necromancy
 + Level 10.7 Transmutations
 * Level 15.0 Fire Magic
 * Level 15.3 Earth Magic
 - Level 10.9 Invocations


You had 5 spell levels left.
You knew the following spells:

 Your Spells              Type           Power      Damage    Failure   Level
a - Sandblast             Erth           100%       2d20      0%          1
b - Stone Arrow           Conj/Erth      100%       3d13      0%          3
c - Borgnjor's Vile Clut  Necr/Erth      40%        N/A       1%          5
d - Lee's Rapid Deconstr  Erth           43%        3d21*     1%          5
e - Statue Form           Tmut/Erth      54%        N/A       1%          6
f - Fireball              Conj/Fire      43%        3d17      1%          5
g - Spellforged Servitor  Conj/Summ      31%        N/A       65%         7

Your spell library contained the following spells:

 Spells                   Type           Power      Damage    Failure   Level
 Foxfire                  Conj/Fire      100%       2x1d9     0%          1
 Passwall                 Tmut/Erth      67%        N/A       0%          2
 Scorch                   Fire           100%       2d9       0%          2
 Searing Ray              Conj           100%       2d8       0%          2
 Beastly Appendage        Tmut           100%       N/A       1%          1
 Sting                    Tmut/Pois      100%       1d8       1%          1
 Momentum Strike          Conj/Tloc      100%       3d10      1%          2
 Static Discharge         Conj/Air       100%       2-7/arc   1%          2
 Wereblood                Tmut           74%        N/A       1%          2
 Hailstorm                Conj/Ice       62%        3d13      1%          3
 Inner Flame              Hex/Fire       62%        N/A       1%          3
 Spider Form              Tmut/Pois      53%        N/A       1%          3
 Flame Wave               Conj/Fire      87%        2d19      1%          4
 Fulminant Prism          Conj/Hex       31%        3d16      1%          4
 Leda's Liquefaction      Hex/Erth       31%        N/A       1%          4
 Petrify                  Tmut/Erth      81%        N/A       1%          4
 Sticky Flame             Conj/Fire      87%        2d10      1%          4
 Agony                    Necr           72%        N/A       1%          5
 Blade Hands              Tmut           37%        N/A       1%          5
 Irradiate                Conj/Tmut      40%        3d25      1%          5
 Apportation              Tloc           40%        N/A       2%          1
 Freeze                   Ice            80%        1d9       2%          1
 Ice Form                 Ice/Tmut       53%        N/A       2%          4
 Arcjolt                  Conj/Air       31%        1d41      2%          5
 Confusing Touch          Hex            20%        N/A       7%          3
 Portal Projectile        Hex/Tloc       40%        N/A       7%          3
 Swiftness                Air            20%        N/A       7%          3
 Teleport Other           Tloc           20%        N/A       7%          3
 Tukima's Dance           Hex            20%        N/A       7%          3
 Yara's Violent Unravell  Hex/Tmut       26%        3d11      7%          5
 Airstrike                Air            10%        2d(2-18)  22%         4
 Passage of Golubria      Tloc           20%        N/A       22%         4
 Summon Lightning Spire   Summ/Air       20%        N/A       22%         4
 Metabolic Englaciation   Hex/Ice        10%        N/A       52%         5
 Starburst                Conj/Fire      43%        6d12      1%          6
 Orb of Destruction       Conj           43%        9d12      4%          7
 Conjure Ball Lightning   Conj/Air       31%        3x3d10    16%         6
 Simulacrum               Ice/Necr       26%        N/A       38%         6
 Necromutation            Tmut/Necr      36%        N/A       89%         8
 Fire Storm               Conj/Fire      43%        8d11      99%         9
 Discord                  Hex            10%        N/A       100%        8
 Chain Lightning          Conj/Air       31%        3d41      100%        9


Dungeon Overview and Level Annotations

Branches:
Dungeon (1/1)

Altars:
Ashenzari
Cheibriados
Dithmenos
Elyvilon
Fedhas
Gozag
Hepliaklqana
Kikubaaqudgha
Makhleb
Nemelex Xobeh
Okawaru
Qazlal
Ru
Sif Muna
Trog
Uskayaw
Vehumet
Wu Jian
Xom
Yredelemnul
Zin
The Shining One
Jiyva
Lugonu


Message History

You hear a roar!
Your Earth Magic skill increases to level 15!
An orb of destruction comes into view.
Casting: Lee's Rapid Deconstruction (safe; 1% risk of failure)
Confirm with . or Enter, or press ? or * to list all spells.
Aiming: Lee's Rapid Deconstruction (safe; 1% risk of failure)
Press: ? - help, Dir - move target A crystal wall.
The crystal wall shatters!
The blast of crystal shards hits the lich!!
You destroy the lich!
Sif Muna accepts your kill.
The blast of crystal shards hits the black draconian knight!!
The black draconian knight is moderately wounded.
You hear a shout!
You hear a roar!
You hear a shout!
The black draconian knight mumbles some strange words.
The black draconian knight seems to speed up.
A sphinx comes into view.
Your Spellcasting skill increases to level 13!
Your Conjurations skill increases to level 15!
Your Necromancy skill increases to level 10!
Your Fire Magic skill increases to level 15!
Unknown command.
Casting: Lee's Rapid Deconstruction (safe; 1% risk of failure)
Confirm with . or Enter, or press ? or * to list all spells.
Aiming: Lee's Rapid Deconstruction (safe; 1% risk of failure)
Press: ? - help, Dir - move target A crystal wall.
The crystal wall shatters!
The blast of crystal shards hits the sphinx!
The sphinx is severely wounded.
The blast of crystal shards hits the black draconian knight.
The black draconian knight is moderately wounded.
Sif Muna accepts your kill.
You feel a bit more experienced.
A white draconian stormcaller comes into view.
It is wielding a +0 whip.
The black draconian knight breathes lightning at you.
The bolt of lightning hits you!! The orb of destruction hits you!!!
Ouch! That really hurt!
You die...

........).......÷.#
++##############.÷#
#÷.# #..# #..# #..#
#..# #..# #@.# #☼.#
#☼.# #☼'# #○'# .q.#
)H## ##q: ).#


You could see a black draconian knight (fast, catching breath), a sphinx and a
white draconian stormcaller.

Vanquished Creatures
  A lich (D)
  Gastronok (D)
  A sphinx (D)
  A nagaraja (D)
  A deep elf sorcerer (D)
  A green draconian (D)
  A yellow draconian (D)
  2 catoblepae (D)
  A boulder beetle (D)
  A death knight (D)
  Urug (D)
  A spriggan druid (D)
  A sea snake (D)
  2 flayed ghosts (D)
  A wizard (D)
  An orc knight (D)
  3 lindwurms (D)
  A deep elf pyromancer (D)
  A manticore (D)
  2 elephants (D)
  2 naga magi (D)
  An unseen horror (D)
  A rime drake (D)
  An unseen horror (shapeshifter) (D)
  A red devil (D)
  A wind drake (D)
  2 blink frogs (D)
  A jumping spider (D)
  An air elemental (D)
  A flying skull (D)
  A ynoxinul (D)
  A shadow (D)
  A wraith (D)
  A fire bat (D)
  A wyvern (D)
  A neqoxec (D)
  A warg (D)
  2 floating eyes (D)
  A water moccasin (D)
  3 ice beasts (D)
  2 orc warriors (D)
  An ogre (D)
  10 wolves (D)
  A phantom (D)
  A scorpion (D)
  4 wights (D)
  8 killer bees (D)
  A quasit (D)
  A small abomination (D)
  An orc priest (D)
  A hound (D)
  2 jellies (D)
  A hell rat (D)
  An adder (D)
  A gnoll (D)
  A white imp (D)
  An ufetubus (D)
  A worm (D)
  An orc (D)
  2 ball pythons (D)
  An endoplasm (D)
  5 jackals (D)
  2 quokkas (D)
  A bat (D)
  2 frilled lizards (D)
  A giant cockroach zombie (D)
  A kobold (D)
  A rat (D)
106 creatures vanquished.

Notes
Turn   | Place    | Note
-------+----------+-------------------------------------------
     0 | D        | rocky1 the Deep Elf Earth Elementalist began the quest for
                  | the Orb.
     0 | D        | Reached XP level 1. HP: 10/10 MP: 6/6
    21 | D        | Noticed a floating eye
    23 | D        | Killed a floating eye
    24 | D        | Reached skill level 1 in Fighting
    24 | D        | Reached skill level 5 in Earth Magic
    24 | D        | Reached XP level 2. HP: 17/17 MP: 5/9
    24 | D        | Reached XP level 3. HP: 21/21 MP: 5/10
    24 | D        | Reached XP level 4. HP: 26/26 MP: 6/12
   184 | D        | Found a bloodstained altar of Trog.
   184 | D        | Found a shimmering blue altar of Sif Muna.
   184 | D        | Found a viscous altar of Jiyva.
   184 | D        | Found a hazy altar of Hepliaklqana.
   184 | D        | Found an opulent altar of Gozag.
   185 | D        | Found a glowing golden altar of the Shining One.
   185 | D        | Found a glowing silver altar of Zin.
   185 | D        | Found a basalt altar of Yredelemnul.
   185 | D        | Found a shimmering altar of Xom.
   185 | D        | Found an ornate altar of the Wu Jian Council.
   185 | D        | Found a sacrificial altar of Ru.
   185 | D        | Found a stormy altar of Qazlal.
   185 | D        | Found an iron altar of Okawaru.
   185 | D        | Found a sparkling altar of Nemelex Xobeh.
   185 | D        | Found a burning altar of Makhleb.
   185 | D        | Found a blossoming altar of Fedhas.
   185 | D        | Found a white marble altar of Elyvilon.
   185 | D        | Found a shadowy altar of Dithmenos.
   185 | D        | Found a snail-covered altar of Cheibriados.
   188 | D        | Found a corrupted altar of Lugonu.
   188 | D        | Found a radiant altar of Vehumet.
   189 | D        | Found an ancient bone altar of Kikubaaqudgha.
   189 | D        | Found a hide-covered altar of Uskayaw.
   189 | D        | Found a broken altar of Ashenzari.
   190 | D        | Became a worshipper of Sif Muna the Loreminder
   239 | D        | Learned a level 3 spell: Stone Arrow
   260 | D        | Reached * piety under Sif Muna
   260 | D        | Noticed a phantom
   265 | D        | Killed a phantom
   266 | D        | Reached XP level 5. HP: 12/30 MP: 8/14
   268 | D        | Reached ** piety under Sif Muna
   401 | D        | Noticed a flying skull
   410 | D        | Reached *** piety under Sif Muna
   411 | D        | Reached skill level 5 in Stealth
   411 | D        | Reached skill level 5 in Spellcasting
   411 | D        | Reached skill level 5 in Conjurations
   411 | D        | Reached skill level 5 in Fire Magic
   411 | D        | Reached skill level 5 in Invocations
   414 | D        | Killed a flying skull
   415 | D        | Reached skill level 5 in Dodging
   415 | D        | Reached XP level 6. HP: 14/36 MP: 0/16
   634 | D        | Noticed a fire bat
   636 | D        | Killed a fire bat
   636 | D        | Reached **** piety under Sif Muna
   637 | D        | Reached XP level 7. HP: 35/41 MP: 10/17
   684 | D        | Noticed an elephant
   696 | D        | Killed an elephant
   697 | D        | Reached skill level 5 in Transmutations
   988 | D        | Reached ***** piety under Sif Muna
   988 | D        | Received a gift from Sif Muna
   992 | D        | Got Voen Eta's Information on Translocated Left-Handed
                  | Magic {god gift}
  1102 | D        | Learned a level 5 spell: Borgnjor's Vile Clutch
  1102 | D        | Noticed a lindwurm
  1110 | D        | Killed a lindwurm
  1111 | D        | Reached XP level 8. HP: 48/48 MP: 1/20
  1541 | D        | Noticed a jumping spider
  1541 | D        | Noticed a red devil
  1541 | D        | Noticed Gastronok
  1541 | D        | Noticed a deep elf pyromancer
  1546 | D        | Killed a jumping spider
  1546 | D        | Received a gift from Sif Muna
  1550 | D        | Killed a red devil
  1550 | D        | HP: 2/48 [deep elf pyromancer/bolt of fire (27)]
  1554 | D        | Killed a deep elf pyromancer
  1555 | D        | Reached XP level 9. HP: 19/52 MP: 15/23
  1570 | D        | Learned a level 5 spell: Lee's Rapid Deconstruction
  1577 | D        | Learned a level 6 spell: Statue Form
  1702 | D        | Killed Gastronok
  1703 | D        | Reached skill level 5 in Fighting
  1703 | D        | Reached skill level 10 in Earth Magic
  1780 | D        | Received a gift from Sif Muna
  1781 | D        | Got Sif Muna's Catalogue of Bewitchment {god gift}
  1784 | D        | Reached skill level 10 in Conjurations
  1784 | D        | Reached skill level 10 in Fire Magic
  1784 | D        | Noticed an elephant
  1791 | D        | Reached skill level 10 in Invocations
  1800 | D        | Killed an elephant
  1801 | D        | Reached skill level 5 in Necromancy
  1801 | D        | Reached XP level 10. HP: 52/59 MP: 13/25
  1819 | D        | Received a gift from Sif Muna
  1820 | D        | Got Sif Muna's Compendium of Composition and Freezing {god
                  | gift}
  1962 | D        | Noticed a manticore
  1966 | D        | Killed a manticore
  1967 | D        | Noticed a lindwurm
  1969 | D        | Noticed a death knight
  1970 | D        | Killed a lindwurm
  1972 | D        | Killed a death knight
  2132 | D        | Noticed a boulder beetle
  2233 | D        | Killed a boulder beetle
  2234 | D        | Reached skill level 10 in Spellcasting
  2452 | D        | Noticed a flayed ghost
  2452 | D        | Noticed a sea snake
  2456 | D        | Killed a flayed ghost
  2457 | D        | Killed a sea snake
  2457 | D        | Received a gift from Sif Muna
  2458 | D        | Got Sif Muna's Meditations on Electricity and Causimancy
                  | {god gift}
  2548 | D        | Learned a level 5 spell: Fireball
  2549 | D        | Noticed a catoblepas
  2549 | D        | Noticed a spriggan druid
  2549 | D        | Noticed a lindwurm
  2552 | D        | Killed a spriggan druid
  2553 | D        | Reached XP level 11. HP: 65/65 MP: 16/27
  2561 | D        | Killed a lindwurm
  2561 | D        | Received a gift from Sif Muna
  2564 | D        | Noticed Urug
  2565 | D        | Noticed a catoblepas
  2571 | D        | Killed a catoblepas
  2574 | D        | Killed Urug
  2575 | D        | Reached skill level 10 in Dodging
  2578 | D        | Killed a catoblepas
  2581 | D        | Received a gift from Sif Muna
  2582 | D        | Got Sif Muna's Secrets of Blasting and Permutations {god
                  | gift}
  2891 | D        | Noticed an orc knight
  2892 | D        | Reached ****** piety under Sif Muna
  2898 | D        | Killed an orc knight
  2900 | D        | Received a gift from Sif Muna
  2902 | D        | Got Sif Muna's Grimoire of the Brume and Malisons {god
                  | gift}
  3156 | D        | Noticed a yellow draconian
  3161 | D        | Killed a yellow draconian
  3286 | D        | Received a gift from Sif Muna
  3289 | D        | Paralysed by an air elemental for 1 turns
  3291 | D        | Noticed a flayed ghost
  3294 | D        | Killed a flayed ghost
  3294 | D        | Received a gift from Sif Muna
  3295 | D        | Reached XP level 12. HP: 41/72 MP: 3/30
  3295 | D        | Got Sif Muna's Omnibus of the Violent Door {god gift}
  3398 | D        | Learned a level 7 spell: Spellforged Servitor
  3521 | D        | Noticed a deep elf sorcerer
  3522 | D        | Noticed a sphinx
  3523 | D        | Killed a deep elf sorcerer
  3524 | D        | Reached skill level 10 in Transmutations
  3524 | D        | Killed a sphinx
  3526 | D        | Noticed a green draconian
  3527 | D        | Noticed a lich
  3530 | D        | Killed a green draconian
  3530 | D        | Received a gift from Sif Muna
  3530 | D        | Noticed a black draconian knight
  3531 | D        | Reached skill level 15 in Earth Magic
  3531 | D        | Killed a lich
  3531 | D        | Noticed a sphinx
  3532 | D        | Reached skill level 15 in Conjurations
  3532 | D        | Reached skill level 10 in Necromancy
  3532 | D        | Reached skill level 15 in Fire Magic
  3532 | D        | Killed a nagaraja
  3532 | D        | Noticed a white draconian stormcaller
  3532 | D        | Blown up by a lich

Illustrated notes

Levels and vault maps discovered:
D:        pitsprint [storerooms_1, entrance_room_1, metal_vault_3, armoury_3,
          mini_pit_1, grid_room_1, main_hall_1, silver_pit, the_coven_3,
          the_vestibule_1, steel_vault_4, golden_pit, hallway_of_sentries,
          crystal_vault_1, iron_vault_4, final_vault]

Skill      XL: |  1  2  3  4  5  6  7  8  9 10 11 12 |
---------------+-------------------------------------+-----
Fighting       | 1 2 3 4 5 6 7 |  7.3
Dodging        | 3 4 5 6 7 8 9 10 | 10.8
Stealth        | 4 5 6 7 8 |  8.0
Spellcasting   | 4 5 7 8 9 10 12 13 | 13.0
Conjurations   | 3 4 6 8 10 12 13 15 | 15.0
Transmutations | 2 3 4 5 6 7 8 9 10 | 10.7
Fire Magic     | 3 4 6 8 9 10 12 13 15 | 15.0
Earth Magic    | 5 6 7 8 9 10 12 14 15 | 15.3
Invocations    | 3 4 5 6 7 8 10 | 10.9
Necromancy     | 2 3 5 7 9 10 | 10.2

Action                     |  1- 3 |  4- 6 |  7- 9 | 10-12 || total
---------------------------+-------+-------+-------+-------++-------
  Melee: Scimitar          |       |       |     1 |     1 ||     2
   Cast: Sandblast         |     3 |    20 |     2 |       ||    25
         Stone Arrow       |       |     6 |    32 |    12 ||    50
         Lee's Rapid Decon |       |       |    15 |    58 ||    73
         Fireball          |       |       |       |    13 ||    13
 Invoke: Channel Magic     |       |       |     3 |     8 ||    11
    Use: Potion            |       |     1 |     3 |     1 ||     5
         Scroll            |       |       |       |     3 ||     3
 Armour: Robe              |       |     3 |     4 |     9 ||    16
  Dodge: Dodged            |       |    11 |    36 |     8 ||    55

Table legend: (Time is in decaauts)
 A = Elapsed time spent in this place.
 B = Non-inter-level travel time spent in this place.
 C = Inter-level travel time spent in this place.
 D = Time resting spent in this place.
 E = Time spent auto-exploring this place.
 F = Levels seen in this place.
 G = Mean time per level.
                   A        B        C        D        E       F      G
               +--------+--------+--------+--------+--------+-----+--------+
         Total |   3542 |   3476 |     66 |   2540 |      0 |   1 | 3542.0 |
       Dungeon |   3542 |   3476 |     66 |   2540 |      0 |   1 | 3542.0 |
               +--------+--------+--------+--------+--------+-----+--------+

Top non-repeatable levels by time:
       D: 3542 daAuts
